 Dungeon Crawl Stone Soup version 0.31.0-11-ge490571c62 (webtiles) character file.

Game seed: 5386703968371882948

618 MollyMolluskus the Ruffian (level 7, -2/49 HPs)
             Began as an Octopode Fighter on Feb 6, 2024.
             Succumbed to a killer bee's poison
             ... on level 4 of the Dungeon.
             The game lasted 00:13:23 (3080 turns).

MollyMolluskus the Ruffian (Octopode Fighter)       Turns: 3080, Time: 00:13:23

Health: -2/49      AC:  1    Str: 18    XL:     7   Next: 45%
Magic:  7/7        EV: 15    Int: 10    God:
Gold:   257        SH:  6    Dex: 17    Spells: 6/6 levels left

rFire   . .          .
                       - Unarmed
rCold   . . .        a - +1 buckler
rNeg    . . .        (helmet restricted)
rPois   .            (no amulet)
rElec   .            j - +6 ring of dexterity
rCorr   .            (no ring)
SInv    .            (no ring)
Will    .....        (no ring)
Stlth   ++++         (no ring)
HPRegen 0.28/turn    (no ring)
MPRegen 0.10/turn    (no ring)
                     (no ring)

%: no passive effects
@: lethally poisoned (-2 -> -15)
A: almost no armour, amphibious, 8 rings, camouflage 1, gelatinous body 1,
(nimble swimmer 1), tentacles
a: no special abilities


You were on level 4 of the Dungeon.
You visited 1 branch of the dungeon, and saw 5 of its levels.

You collected 257 gold pieces.

Inventory:

Missiles
 f - 6 poisoned darts
 i - 2 javelins
 l - 3 boomerangs (quivered)
Armour
 a - a +1 buckler (worn)
Jewellery
 j - a +6 ring of dexterity (left tentacle)
Scrolls
 g - 2 scrolls of fog
 h - 2 scrolls of enchant weapon
 n - a scroll of poison
Potions
 b - a potion of invisibility {unknown}
 c - 4 potions of heal wounds
 d - 3 potions of curing
 e - a potion of lignification
 k - a potion of resistance {unknown}
 m - a potion of mutation {unknown}


   Skills:
 + Level 4.5 Fighting
 + Level 4.4 Dodging
 - Level 4.0 Stealth
 - Level 4.0 Shields
 * Level 5.1 Unarmed Combat


You had 6 spell levels left.
You didn't know any spells.
Your spell library contained the following spells:

 Spells                   Type           Power      Damage    Failure   Level
 Freeze                   Ice            0%         1d3       43%         1
 Lesser Beckoning         Tloc           0%         N/A       58%         2
 Frozen Ramparts          Ice            0%         1d1       82%         3
 Gell's Gravitas          Tloc           0%         N/A       82%         3
 Hailstorm                Conj/Ice       0%         3d5       82%         3
 Inner Flame              Hex/Fire       0%         N/A       82%         3
 Teleport Other           Tloc           0%         N/A       82%         3
 Tukima's Dance           Hex            0%         N/A       82%         3
 Flame Wave               Conj/Fire      0%         2d4       99%         4
 Passage of Golubria      Tloc           0%         N/A       99%         4
 Sticky Flame             Fire/Alch      0%         2d4       99%         4
 Yara's Violent Unravell  Hex/Alch       0%         3d3       100%        5


Dungeon Overview and Level Annotations

Branches:
Dungeon (5/15)
 Temple: D:4-7

Altars:
Okawaru
Zin

Shops:
D:2 [


Innate Abilities, Weirdness & Mutations

You cannot wear most types of armour.
You are amphibious.
You can wear up to eight rings at the same time.
Your skin changes colour to match your surroundings (Stealth+).
Your rubbery body absorbs attacks. (AC +1, EV +1)
((You are camouflaged when in or above water. (Stealth+)))
You have tentacles for arms and can constrict up to eight enemies at once.


Message History

You feel very sick. The killer bee stings you.
The killer bee barely misses you.
You closely miss the killer bee. Your grab misses the killer bee.
The killer bee is heavily wounded.
You feel sick. You block the killer bee's attack. The killer bee stings you!
You miss the killer bee. You grab the killer bee.
Your squeeze misses the killer bee.
The killer bee is heavily wounded.
You constrict the killer bee.
You feel sick. The killer bee barely misses you.
You tentacle-slap the killer bee.
The killer bee is severely wounded.
You constrict the killer bee.
You feel sick. You block the killer bee's attack. x2
You tentacle-slap the killer bee but do no damage.
The killer bee is almost dead.
You constrict the killer bee, but do no damage.
You feel sick. The killer bee misses you. x2
You barely miss the killer bee.
You squeeze the killer bee, but do no damage.
The killer bee is almost dead.
You constrict the killer bee.
You kill the killer bee!
You feel sick. You block the killer bee's attack.
Your Unarmed Combat skill increases to level 5!
You tentacle-slap the killer bee. Your grab misses the killer bee.
Your tentacle-slap misses the killer bee.
The killer bee is lightly wounded.
You feel sick. The killer bee completely misses you. The killer bee stings you.
You are more poisoned.
The killer bee poisons you!
You tentacle-slap the killer bee. Your grab misses the killer bee.
The killer bee is heavily wounded.
You feel sick. The killer bee stings you!
* * * LOW HITPOINT WARNING * * *
The killer bee closely misses you.
You feel sick. The killer bee stings you!
* * * LOW HITPOINT WARNING * * *
You are more poisoned.
The killer bee poisons you! You block the killer bee's attack.
You climb upwards.
You die...

##....### #.## #.# #.....
..#.##.[# #.# #.# #.####
..##.#..########.#####.# #.#
##....###..............# #.#
#..♣♣.#.#.######.###########.#
.#.♣♣..#..######...(.........#
##.)..###.......(..###########
..#.##..########..## .†##.#..#
#@## ################y#
.................#
##################


You could see a killer bee.

Vanquished Creatures
  An ogre (D:5)
  A killer bee (D:5)
  2 bombardier beetles (D:5)
  2 jellies
  A gnoll bouda (D:5)
  2 hounds
  2 sleepcaps
  An orc wizard (D:5)
  8 adders
  3 gnolls (D:5)
  2 dart slugs
  A ribbon worm (D:3)
  9 orcs
  11 ball pythons
  2 endoplasms
  3 giant cockroaches
  8 goblins
  6 hobgoblins
  5 jackals
  8 kobolds
  5 quokkas
  3 bats
  3 frilled lizards
  3 rats
92 creatures vanquished.

Notes
Turn   | Place    | Note
-------+----------+-------------------------------------------
     0 | D:1      | MollyMolluskus the Octopode Fighter began the quest for the
                  | Orb.
     0 | D:1      | Reached XP level 1. HP: 16/16 MP: 1/1
    94 | D:1      | Reached XP level 2. HP: 15/21 MP: 2/2
   190 | D:1      | Reached skill level 1 in Stealth
   613 | D:1      | Reached XP level 3. HP: 26/26 MP: 3/3
   956 | D:2      | Reached skill level 3 in Unarmed Combat
   956 | D:2      | Reached XP level 4. HP: 31/31 MP: 4/4
  1017 | D:2      | Found Yrih's Armour Shoppe.
  1627 | D:3      | Found a glowing silver altar of Zin.
  2032 | D:4      | Reached XP level 5. HP: 35/36 MP: 5/5
  2121 | D:4      | Found an iron altar of Okawaru.
  2720 | D:5      | Entered Level 5 of the Dungeon
  2731 | D:5      | Noticed an ogre
  2737 | D:5      | Reached XP level 6. HP: 43/43 MP: 6/6
  2740 | D:5      | Reached skill level 4 in Unarmed Combat
  2798 | D:5      | Reached XP level 7. HP: 48/48 MP: 7/7
  3077 | D:5      | Reached skill level 5 in Unarmed Combat
  3080 | D:4      | Succumbed to a killer bee's poison

Illustrated notes

Levels and vault maps discovered:
D:1:      minmay_arrival_diagonal_passages, layout_rooms, minivault_27,
          minmay_door_square
D:2:      layout_rooms, serial_shops, nicolae_shop_peninsula
D:3:      layout_loops_ring, zin_treasury
D:4:      layout_loops_ring, overflow_temple_1_default, nrook_loot_triangle,
          nicolae_eternal_life
D:5:      minmay_inner_zag, layout_loops_ring, ashenzari_altar_1, uniq_sigmund

Skill      XL: |  1  2  3  4  5  6  7 |
---------------+----------------------+-----
Stealth        | 1 2 3 4 |  4.0
Unarmed Combat | 3 4 5 |  5.1
Fighting       | 4 |  4.5
Dodging        | 4 |  4.4
Shields        | 4 |  4.0

Action                     |  1- 3 |  4- 6 |  7- 9 || total
---------------------------+-------+-------+-------++-------
  Melee: Unarmed           |    80 |    93 |    29 ||   202
         Constrict         |    21 |    22 |     8 ||    51
         Tentacles         |    19 |    22 |     7 ||    48
         Punch             |     1 |       |     1 ||     2
  Throw: Boomerang         |       |     1 |       ||     1
    Use: Scroll            |     6 |     3 |       ||     9
         Potion            |       |     1 |       ||     1
   Stab: Sleeping          |     4 |     9 |     2 ||    15
         Distracted        |       |     1 |       ||     1
 Armour: Skin              |    26 |    30 |    13 ||    69
  Dodge: Dodged            |    53 |    44 |    11 ||   108
  Block: Buckler           |    17 |    20 |    11 ||    48
